 Dungeon Crawl Stone Soup version 0.32-a0-314-g526f7d4993 (webtiles) character file.

Game seed: 14849733400310711657

70 juan097 the Shield-Bearer (level 4, 0/40 HPs)
             Began as a Minotaur Fighter on Feb 15, 2024.
             Slain by a gnoll
             ... wielding a +0 whip
              (5 damage)
             ... on level 2 of the Dungeon.
             The game lasted 00:01:18 (706 turns).

juan097 the Shield-Bearer (Minotaur Fighter)         Turns: 706, Time: 00:01:19

Health: 0/40       AC:  6    Str: 22    XL:     4   Next: 3%
Magic:  3/3        EV:  9    Int:  5    God:
Gold:   62         SH:  5    Dex: 10    Spells: 3/3 levels left

rFire   . . .        a - +0 war axe
rCold   . . .        c - +0 buckler
rNeg    . . .        b - +0 scale mail
rPois   .            (helmet restricted)
rElec   .            (no cloak)
rCorr   .            (no gloves)
SInv    .            (no boots)
Will    .....        (no amulet) Stlth
                     (no ring)
HPRegen 0.26/turn    (no ring)
MPRegen 0.08/turn

%: no passive effects
@: no status effects
A: horns 2, retaliatory headbutt
a: no special abilities


You were on level 2 of the Dungeon.
You visited 1 branch of the dungeon, and saw 2 of its levels.

You collected 62 gold pieces.

Inventory:

Hand Weapons
 a - a +0 war axe (weapon)
Armour
 b - a +0 scale mail (worn)
 c - a +0 buckler (worn)
Scrolls
 i - a scroll of blinking {unknown}
 j - a scroll of enchant weapon {unknown}
Potions
 d - a potion of might
 e - a potion of haste {unknown}
 f - a potion of brilliance {unknown}
 g - 2 potions of attraction {unknown}
 h - a potion of mutation {unknown}


   Skills:
 - Level 4.0 Fighting
 + Level 3.7 Axes
 - Level 3.6 Armour
 - Level 5.0 Shields


You had 3 spell levels left.
You didn't know any spells.
Your spell library contained the following spells:

 Spells                   Type           Power      Damage    Failure   Level
 Lee's Rapid Deconstruct  Erth           0%         3d4*      100%        5
 Sculpt Simulacrum        Ice/Alch       0%         N/A       100%        6


Dungeon Overview and Level Annotations

Branches:
Dungeon (2/15)

Altars:


Innate Abilities, Weirdness & Mutations

You have a pair of horns on your head.
You reflexively headbutt those who attack you in melee.


Message History

You are too injured to fight recklessly!
You are too injured to fight recklessly!
You are too injured to fight recklessly!
You are too injured to fight recklessly!
You are too injured to fight recklessly!
You are too injured to fight recklessly!
You are too injured to fight recklessly!
You are too injured to fight recklessly!
You are too injured to fight recklessly!
You are too injured to fight recklessly!
The gnoll attacks as it pursues you! The gnoll misses you.
You furiously retaliate!
You headbutt the gnoll!
You kill the gnoll!
The gnoll attacks as it pursues you! The gnoll barely misses you.
The gnoll attacks as it pursues you!
The gnoll hits you from afar with a +0 spear.
* * * LOW HITPOINT WARNING * * *
You have reached level 4!
You feel agile.
There is an open door here.
The gnoll attacks as it pursues you! The gnoll completely misses you.
The gnoll attacks as it pursues you!
The gnoll hits you from afar with a +0 spear.
* * * LOW HITPOINT WARNING * * *
You closely miss the gnoll. The gnoll hits you with a +0 whip.
* * * LOW HITPOINT WARNING * * *
The gnoll misses you.
You barely miss the gnoll.
You headbutt the gnoll, but do no damage.
The gnoll barely misses you. The gnoll closely misses you.
You slash the gnoll!
The gnoll is severely wounded.
The gnoll completely misses you.
The gnoll hits you from afar with a +0 spear.
* * * LOW HITPOINT WARNING * * *
You block the gnoll's attack. x2
You barely miss the gnoll.
The gnoll is severely wounded.
The gnoll hits you with a +0 whip.
You die...

. ############
..###...........
.......).)..#
........###.#
#.......### ......).g>#
#.......#g# #.......#@#
#.......#.# #.......#.#
#####.###.# #.# #.#
#.###'#######
#.#..........
###.########.#..........
........<#..............


You could see 2 gnolls.

Vanquished Creatures
  2 gnolls (D:2)
  2 dart slugs (D:1)
  An endoplasm (D:2)
  A giant cockroach (D:1)
  4 goblins
  5 hobgoblins (D:1)
  A quokka (D:1)
  4 ball pythons (D:1)
  A bat (D:1)
  A frilled lizard (D:1)
  A kobold (D:1)
  4 rats (D:1)
27 creatures vanquished.

Notes
Turn   | Place    | Note
-------+----------+-------------------------------------------
     0 | D:1      | juan097 the Minotaur Fighter began the quest for the Orb.
     0 | D:1      | Reached XP level 1. HP: 19/19 MP: 0/0
   100 | D:1      | Reached skill level 4 in Shields
   100 | D:1      | Reached XP level 2. HP: 26/27 MP: 1/1
   252 | D:1      | Got the Octavo of Hypothermic Quicksand
   365 | D:1      | Reached XP level 3. HP: 33/33 MP: 2/2
   698 | D:2      | Reached skill level 5 in Shields
   699 | D:2      | Reached XP level 4. HP: 10/40 MP: 3/3
   706 | D:2      | Slain by a gnoll

Illustrated notes

Levels and vault maps discovered:
D:1:      dpeg_arrival_rooms_a, layout_basic, serial_park_tiny_1
D:2:      layout_basic, shapermc_ecumenical_altar_mp_vishouse, uniq_terence,
          uniq_robin

Skill      XL: |  1  2  3 |
---------------+----------+-----
Shields        | 4 5 |  5.0
Fighting       | 4 |  4.0
Axes           | 3 |  3.7
Armour         | |  3.6

Action                     |  1- 3 |  4- 6 || total
---------------------------+-------+-------++-------
  Melee: War axe           |    49 |     4 ||    53
         Headbutt          |     6 |     1 ||     7
 Armour: Scale mail        |    31 |     4 ||    35
  Dodge: Dodged            |    26 |     5 ||    31
  Block: Buckler           |    11 |     2 ||    13

Table legend: (Time is in decaauts)
 A = Elapsed time spent in this place.
 B = Non-inter-level travel time spent in this place.
 C = Inter-level travel time spent in this place.
 D = Time resting spent in this place.
 E = Time spent auto-exploring this place.
 F = Levels seen in this place.
 G = Mean time per level.
                   A        B        C        D        E       F      G
               +--------+--------+--------+--------+--------+-----+--------+
         Total |    725 |    679 |     46 |      0 |    518 |   2 |  362.5 |
       Dungeon |    725 |    679 |     46 |      0 |    518 |   2 |  362.5 |
               +--------+--------+--------+--------+--------+-----+--------+

Top non-repeatable levels by time:
     D:1: 678 daAuts
     D:2: 46 daAuts
